Rangers vs Canadiens

Created - March 21, 2019 at 19:09

Goals
1 2 3 T
Rangers 2 1 1 4
Canadiens 0 0 1 1
Shots
1 2 3 T
Rangers 15 17 11 43
Canadiens 6 13 6 25

1st period

1. Rangers , Jakob Silfverberg 31 (Patrice Bergeron 40) at 16:48
2. Rangers , Patrice Bergeron 32 (Jakob Silfverberg 47, Mark Fistric 27) at 17:40

Penalties :
Colton Parayko (Mon) for Hooking (Minor) at 6:55, Pierre-Marc Bouchard (Mon) for Interference (Minor) at 17:43

2nd period

3. Rangers , Chris Bourque 11 (James Neal 21, Stephen Weiss 21) at 18:57

Penalties :
Dustin Boyd (Mon) for High sticking (Minor) at 4:14, Alexei Emelin (NYR) for Holding (Minor) at 9:08, Alex Tanguay (NYR) for Roughing (Minor) at 13:27

3rd period

4. Canadiens , Enver Lisin 7 (Dustin Boyd 20, David Jones 18) at 1:08
5. Rangers , Jakob Silfverberg 32 (Cam Barker 27, Patrice Bergeron 41) at 4:31 (PP)

Penalties :
Evgeny Dadonov (Mon) for Hooking (Minor) at 1:57, Frans Nielsen (Mon) for Boarding (Minor) at 4:25, Frans Nielsen (Mon) for Roughing (Minor) at 7:22, Raphael Diaz (Mon) for Holding (Minor) at 17:26

Goalie Stats

Frederik Andersen (NYR), 24 saves from 25 shots - (0.960), W, 24-21-5, 60:00 minutes
Henrik Lundqvist (Mon), 39 saves from 43 shots - (0.907), L, 25-21-6, 60:00 minutes

Players Stats for Rangers

Player Name              G  A  P  +/- PIM S  H  SB GA TA FO     MP     PP MP  PK MP  
------------------------------------------------------------------------------------
Alex Tanguay             0  0  0   2  2   2  3  0  1  1  1/3    21:07   6:39   0:46 
Alexei Emelin            0  0  0   0  2   1  0  3  0  1  0/0    20:25   5:41   0:33 
Artem Anisimov           0  0  0  -1  0   1  0  0  0  0  0/1     3:52   0:00   0:00 
Cam Barker               0  1  1   3  0   2  1  1  0  1  0/0    28:40   6:19   2:42 
Chris Bourque            1  0  1   1  0   10 0  0  0  0  0/2    20:08   4:51   0:40 
Gustav Nyquist           0  0  0  -1  0   1  0  0  0  0  1/1     5:40   0:29   0:57 
Jakob Silfverberg        2  1  3   2  0   9  3  1  3  0  2/4    22:32   6:39   2:10 
James Neal               0  1  1   1  0   5  0  0  0  0  1/1    20:09   4:51   0:43 
Magnus Paajarvi-Svensson 0  0  0   0  0   0  0  1  1  0  0/0    11:14   0:00   0:00 
Mark Fistric             0  1  1   3  0   0  0  3  0  1  0/0    28:40   6:19   2:42 
Matt Delahey             0  0  0  -1  0   2  0  1  0  0  0/0    10:56   0:00   0:43 
Matt Read                0  0  0   0  0   1  0  0  2  1  0/1    12:16   0:30   0:00 
Maxime Sauvé             0  0  0   0  0   0  1  0  0  0  0/1     2:14   0:30   0:00 
Patrice Bergeron         1  2  3   1  0   2  0  0  0  1  16/33  25:20   6:39   2:10 
Patrik Nemeth            0  0  0  -1  0   2  0  0  0  0  0/0    10:13   0:00   0:00 
Ryan Suter               0  0  0   0  0   0  1  0  0  0  0/0    21:07   5:41   1:16 
Sean Couturier           0  0  0   0  0   3  0  0  1  0  4/5    11:46   0:00   0:30 
Stephen Weiss            0  1  1   1  0   2  1  0  1  0  7/11   19:41   4:52   0:00 

Players Stats for Canadiens

Player Name              G  A  P  +/- PIM S  H  SB GA TA FO     MP     PP MP  PK MP  
------------------------------------------------------------------------------------
Andrew Alberts           0  0  0  -2  0   3  0  0  0  1  0/0    22:56   0:00   6:38 
Brett Maclean            0  0  0   1  0   2  0  0  0  0  0/0     6:44   0:01   0:00 
Colton Parayko           0  0  0  -2  2   0  1  1  0  1  0/0    22:53   1:38   4:39 
David Jones              0  1  1   0  0   2  1  1  0  0  0/1     8:55   0:08   0:00 
Dustin Boyd              0  1  1   0  2   1  0  1  2  0  1/1    14:14   0:08   4:25 
Enver Lisin              1  0  1   1  0   1  0  0  1  0  0/0     6:43   0:00   0:00 
Evgeny Dadonov           0  0  0  -1  2   1  1  0  1  0  0/0    15:13   1:44   0:00 
Frans Nielsen            0  0  0  -2  4   1  1  0  1  1  11/26  18:26   2:06   1:11 
Greg Stewart             0  0  0  -1  0   3  0  1  1  0  0/0    18:19   1:44   2:26 
Mark Stuart              0  0  0   0  0   2  0  2  0  0  0/0    24:52   1:38   5:35 
Pierre-Marc Bouchard     0  0  0  -1  2   1  1  0  0  0  10/18  15:37   1:44   0:07 
Raphael Diaz             0  0  0   0  2   4  0  2  0  1  0/0    18:55   2:20   0:00 
Scott Hartnell           0  0  0  -2  0   0  0  3  0  2  1/1    19:21   2:13   3:17 
Shaone Morrisonn         0  0  0   0  0   0  0  4  0  1  0/0    17:25   0:00   6:59 
Steve Downie             0  0  0  -2  0   2  2  0  0  0  1/1    22:06   2:06   6:17 
Tomas Plekanec           0  0  0   1  0   1  3  1  0  0  7/15   13:04   0:00   6:17 
Viktor Stalberg          0  0  0   0  0   1  1  0  0  1  0/0     8:46   0:00   0:00 
Vitaly Vishnevsky        0  0  0   0  0   0  1  0  0  1  0/0    13:24   2:20   0:09 

3 Stars

1 - Jakob Silfverberg (NYR)
2 - Patrice Bergeron (NYR)
3 - Frederik Andersen (NYR)

Power Play

Rangers - 1 on 7 Attempt(s) - 14.29%
Canadiens - 0 on 2 Attempt(s) - 0.00%

Penalty Kill

Rangers - 2 on 2 Attempt(s) - 100.00% - Score 0 goal in Penalty Kill
Canadiens - 6 on 7 Attempt(s) - 85.71% - Score 0 goal in Penalty Kill

Team Stat

Rangers - Hits : 10 - Faceoff Wins : 32 - Blocked Shots : 10 - Penalty Minutes : 4
Canadiens - Hits : 12 - Faceoff Wins : 31 - Blocked Shots : 16 - Penalty Minutes : 14

Official

Referees : Unknown
Linesman : Unknown

Game Notes

No Game Note

Finance

Level 1 -- Attendance: 5427 (90.45%) -- Ticket Income $488,430
Level 2 -- Attendance: 4730 (94.60%) -- Ticket Income $260,150
Level 3 -- Attendance: 2000 (100.00%) -- Ticket Income $70,000
Level 4 -- Attendance: 3497 (87.43%) -- Ticket Income $87,425
Luxury Box -- Attendance: 933 (93.30%) -- Ticket Income $137,151
Game was played at the Centre Bell.
Total Attendance: 16587 (92.15%)
Total Ticket Income: $1,043,156
Other Income: $156,473
Total Income: $1,199,629

Rangers

5 vs 5 Forward 
   Center                   Left Wing                Right Wing               Time % Phy DF OF 
 1 Patrice Bergeron         Alex Tanguay             Jakob Silfverberg        40     1   2  2  
 2 Stephen Weiss            Chris Bourque            James Neal               30     1   2  2  
 3 Sean Couturier           Magnus Paajarvi-Svensson Matt Read                20     1   2  2  
 4 Artem Anisimov           Patrice Bergeron         Gustav Nyquist           10     1   2  2  

5 vs 5 Defense 
   Defense                  Defense                                           Time % Phy DF OF 
 1 Cam Barker               Mark Fistric                                      40     1   2  2  
 2 Ryan Suter               Alexei Emelin                                     30     1   2  2  
 3 Patrik Nemeth            Matt Delahey                                      20     1   2  2  
 4 Cam Barker               Mark Fistric                                      10     1   2  2  

PowerPlay Forward 
   Center                   Left Wing                Right Wing               Time % Phy DF OF 
 1 Patrice Bergeron         Alex Tanguay             Jakob Silfverberg        60     1   2  2  
 2 Stephen Weiss            Chris Bourque            James Neal               40     1   2  2  

PowerPlay Defense
   Defense                  Defense                                           Time % Phy DF OF 
 1 Cam Barker               Mark Fistric                                      60     1   2  2  
 2 Ryan Suter               Alexei Emelin                                     40     1   2  2  

Penalty Kill 4 Players Forward 
   Center                   Wing                     Time % Phy DF OF 
 1 Patrice Bergeron         Jakob Silfverberg        60     1   2  2  
 2 James Neal               Alex Tanguay             40     1   2  2  

Penalty Kill 4 Players Defense
   Defense                  Defense                  Time % Phy DF OF 
 1 Cam Barker               Mark Fistric             60     1   2  2  
 2 Ryan Suter               Alexei Emelin            40     1   2  2  

Penalty Kill - 3 Players Forward 
   Forward                                           Time % Phy DF OF 
 1 Patrice Bergeron                                  60     1   2  2  
 2 Jakob Silfverberg                                 40     1   2  2  

Penalty Kill - 3 Players Defense
   Defense                  Defense                  Time % Phy DF OF 
 1 Cam Barker               Mark Fistric             60     1   2  2  
 2 Ryan Suter               Alexei Emelin            40     1   2  2  

4 vs 4 Forward 
   Center                   Wing                     Time % Phy DF OF 
 1 Patrice Bergeron         Jakob Silfverberg        60     1   2  2  
 2 James Neal               Alex Tanguay             40     1   2  2  

4 vs 4 Defense
   Defense                  Defense                  Time % Phy DF OF 
 1 Cam Barker               Mark Fistric             60     1   2  2  
 2 Ryan Suter               Alexei Emelin            40     1   2  2  

Last Minutes Offensive
   Center                   Left Wing                Right Wing               Defense                  Defense                  
   Patrice Bergeron         Alex Tanguay             Jakob Silfverberg        Cam Barker               Mark Fistric             

Last Minutes Defensive
   Center                   Left Wing                Right Wing               Defense                  Defense                  
   Patrice Bergeron         Alex Tanguay             Jakob Silfverberg        Cam Barker               Mark Fistric             

Goaltenders
Starting : Frederik Andersen        
Backup : Braden Holtby            

Extra Forwards
Normal : Maxime Sauvé, Matt Read, Gustav Nyquist - PP : Maxime Sauvé, Matt Read - PK : Gustav Nyquist
Extra Defensemen
Normal : Patrik Nemeth, Matt Delahey, Ryan Suter - PP : Patrik Nemeth - PK : Matt Delahey, Ryan Suter
Penalty Shots
Patrice Bergeron, Jakob Silfverberg, James Neal, Alex Tanguay, Stephen Weiss

Scratches
Matt Greene (Left Eye Injury), Devante Smith-Pelly (Healthy), Milan Lucic (Healthy), Colten Teubert (Healthy)

Canadiens

5 vs 5 Forward 
   Center                   Left Wing                Right Wing               Time % Phy DF OF 
 1 Frans Nielsen            Scott Hartnell           Steve Downie             40     0   1  4  
 2 Pierre-Marc Bouchard     Greg Stewart             Evgeny Dadonov           30     0   1  4  
 3 Dustin Boyd              Viktor Stalberg          David Jones              20     0   2  3  
 4 Tomas Plekanec           Brett Maclean            Enver Lisin              10     0   3  2  

5 vs 5 Defense 
   Defense                  Defense                                           Time % Phy DF OF 
 1 Mark Stuart              Raphael Diaz                                      40     0   2  3  
 2 Andrew Alberts           Colton Parayko                                    30     0   2  3  
 3 Vitaly Vishnevsky        Shaone Morrisonn                                  20     0   3  2  
 4 Colton Parayko           Raphael Diaz                                      10     0   3  2  

PowerPlay Forward 
   Center                   Left Wing                Right Wing               Time % Phy DF OF 
 1 Frans Nielsen            Scott Hartnell           Steve Downie             60     0   0  5  
 2 Pierre-Marc Bouchard     Greg Stewart             Evgeny Dadonov           40     0   0  5  

PowerPlay Defense
   Defense                  Defense                                           Time % Phy DF OF 
 1 Raphael Diaz             Vitaly Vishnevsky                                 60     0   1  4  
 2 Colton Parayko           Mark Stuart                                       40     0   1  4  

Penalty Kill 4 Players Forward 
   Center                   Wing                     Time % Phy DF OF 
 1 Tomas Plekanec           Steve Downie             60     0   5  0  
 2 Dustin Boyd              Scott Hartnell           40     0   5  0  

Penalty Kill 4 Players Defense
   Defense                  Defense                  Time % Phy DF OF 
 1 Shaone Morrisonn         Andrew Alberts           60     1   4  0  
 2 Colton Parayko           Mark Stuart              40     1   4  0  

Penalty Kill - 3 Players Forward 
   Forward                                           Time % Phy DF OF 
 1 Tomas Plekanec                                    60     0   5  0  
 2 Dustin Boyd                                       40     0   5  0  

Penalty Kill - 3 Players Defense
   Defense                  Defense                  Time % Phy DF OF 
 1 Shaone Morrisonn         Andrew Alberts           60     0   5  0  
 2 Mark Stuart              Vitaly Vishnevsky        40     0   5  0  

4 vs 4 Forward 
   Center                   Wing                     Time % Phy DF OF 
 1 Pierre-Marc Bouchard     Greg Stewart             60     0   2  3  
 2 Frans Nielsen            Scott Hartnell           40     0   2  3  

4 vs 4 Defense
   Defense                  Defense                  Time % Phy DF OF 
 1 Vitaly Vishnevsky        Mark Stuart              60     0   2  3  
 2 Colton Parayko           Raphael Diaz             40     0   2  3  

Last Minutes Offensive
   Center                   Left Wing                Right Wing               Defense                  Defense                  
   Frans Nielsen            Scott Hartnell           Evgeny Dadonov           Vitaly Vishnevsky        Raphael Diaz             

Last Minutes Defensive
   Center                   Left Wing                Right Wing               Defense                  Defense                  
   Tomas Plekanec           Scott Hartnell           Steve Downie             Shaone Morrisonn         Colton Parayko           

Goaltenders
Starting : Henrik Lundqvist         
Backup : Allen York               

Extra Forwards
Normal : Pierre-Marc Bouchard, Frans Nielsen, Greg Stewart - PP : Scott Hartnell, Frans Nielsen - PK : Tomas Plekanec
Extra Defensemen
Normal : Vitaly Vishnevsky, Raphael Diaz, Shaone Morrisonn - PP : Vitaly Vishnevsky - PK : Mark Stuart, Colton Parayko
Penalty Shots
Scott Hartnell, Frans Nielsen, Greg Stewart, Pierre-Marc Bouchard, Steve Downie

Scratches
Adam Pardy (Broken Bone (Right Leg) Injury), Dustin Kohn (Healthy), Marcel Goc (Healthy), Nikolai Zherdev (Healthy), Wes O'Neill (Healthy)

% Time on Ice - Rangers

Lines # - Real PCT - Wanted PCT - Time Play
Normal Forward
1 - 32% - 40% - 14:07
2 - 34% - 30% - 14:49
3 - 26% - 20% - 11:14
4 - 9% - 10% - 3:52
Normal Defense
1 - 40% - 40% - 17:37
2 - 32% - 30% - 14:10
3 - 23% - 20% - 10:13
4 - 5% - 10% - 2:02
PP Forward
1 - 59% - 60% - 7:08
2 - 41% - 40% - 4:52
PP Defense
1 - 53% - 60% - 6:19
2 - 47% - 40% - 5:41
PK Forward
1 - 82% - 60% - 3:15
2 - 18% - 40% - 0:43
PK Defense
1 - 68% - 60% - 2:42
2 - 32% - 40% - 1:16
PK3 Forward
1 - 0% - 60%
2 - 0% - 40%
PK3 Defense
1 - 0% - 60%
2 - 0% - 40%
44 Forward
1 - 0% - 60%
2 - 0% - 40%
44 Defense
1 - 0% - 60%
2 - 0% - 40%
Last Minute Offensive  - 0:00
Last Minute Defensive  - 0:00
Total
Forward - 60:00
Defense - 60:00

% Time on Ice - Canadiens

Lines # - Real PCT - Wanted PCT - Time Play
Normal Forward
1 - 34% - 40% - 15:03
2 - 31% - 30% - 13:30
3 - 20% - 20% - 8:46
4 - 15% - 10% - 6:43
Normal Defense
1 - 42% - 40% - 18:27
2 - 32% - 30% - 14:07
3 - 21% - 20% - 9:21
4 - 5% - 10% - 2:07
PP Forward
1 - 56% - 60% - 2:14
2 - 44% - 40% - 1:44
PP Defense
1 - 59% - 60% - 2:20
2 - 41% - 40% - 1:38
PK Forward
1 - 73% - 60% - 8:43
2 - 27% - 40% - 3:17
PK Defense
1 - 55% - 60% - 6:35
2 - 45% - 40% - 5:25
PK3 Forward
1 - 0% - 60%
2 - 0% - 40%
PK3 Defense
1 - 0% - 60%
2 - 0% - 40%
44 Forward
1 - 0% - 60%
2 - 0% - 40%
44 Defense
1 - 0% - 60%
2 - 0% - 40%
Last Minute Offensive  - 0:00
Last Minute Defensive  - 0:00
Total
Forward - 60:00
Defense - 60:00

Play-by-Play

1st period


0:01 of 1st period - Patrice Bergeron wins face-off versus Frans Nielsen in neutral zone.
0:14 of 1st period - Wrist shot by Frans Nielsen.
0:14 of 1st period - Stopped by Frederik Andersen with a rebound.
0:16 of 1st period - Slapshot by Mark Stuart.
0:16 of 1st period - Stopped by Frederik Andersen without a rebound.
0:17 of 1st period - Stephen Weiss wins face-off versus Pierre-Marc Bouchard in Rangers zone.
1:07 of 1st period - Snap shot by Steve Downie.
1:07 of 1st period - Stopped by Frederik Andersen with a rebound.
1:09 of 1st period - Slapshot by Andrew Alberts.
1:09 of 1st period - Shot Hit the Post.
1:11 of 1st period - Wrist shot by Steve Downie.
1:11 of 1st period - Stopped by Frederik Andersen with a rebound.
1:13 of 1st period - Slapshot by Andrew Alberts.
1:13 of 1st period - Stopped by Frederik Andersen with a rebound.
2:51 of 1st period - Icing by James Neal.
2:52 of 1st period - Sean Couturier wins face-off versus David Jones in Rangers zone.
3:41 of 1st period - Ryan Suter is hit by Pierre-Marc Bouchard.
4:35 of 1st period - Snap shot by Steve Downie.
4:35 of 1st period - Deflect By Frans Nielsen.
4:35 of 1st period - Shot Misses the Net.
4:35 of 1st period - Puck is out of play.
4:36 of 1st period - Frans Nielsen wins face-off versus Stephen Weiss in Rangers zone.
5:56 of 1st period - Mark Fistric is hit by Tomas Plekanec and loses puck.
6:52 of 1st period - Wrist shot by Artem Anisimov.
6:52 of 1st period - Stopped by Henrik Lundqvist without a rebound.
6:53 of 1st period - Frans Nielsen wins face-off versus Artem Anisimov in Canadiens zone.
6:55 of 1st period - Minor Penalty to Colton Parayko for Hooking.
6:56 of 1st period - Tomas Plekanec wins face-off versus Patrice Bergeron in Canadiens zone.
7:04 of 1st period - Tomas Plekanec is hit by Alex Tanguay and loses puck.
7:35 of 1st period - Slapshot by James Neal.
7:35 of 1st period - Deflect By Chris Bourque.
7:35 of 1st period - Shot Misses the Net.
7:35 of 1st period - Puck is out of play.
7:36 of 1st period - Tomas Plekanec wins face-off versus Patrice Bergeron in Canadiens zone.
8:24 of 1st period - Shaone Morrisonn is hit by Jakob Silfverberg and loses puck.
8:55 of 1st period - Penalty to Colton Parayko is over, Colton Parayko is back on ice.
10:08 of 1st period - Cam Barker is hit by Steve Downie and loses puck.
10:19 of 1st period - Vitaly Vishnevsky is hit by Jakob Silfverberg and loses puck.
10:37 of 1st period - Mark Stuart is hit by Maxime Sauvé and loses puck.
10:52 of 1st period - Patrice Bergeron is hit by Frans Nielsen and loses puck.
11:24 of 1st period - Snap shot by Sean Couturier.
11:24 of 1st period - Deflect By Matt Read.
11:24 of 1st period - Shot Blocked by David Jones.
11:24 of 1st period - Puck is out of play.
11:25 of 1st period - Dustin Boyd wins face-off versus Stephen Weiss in Canadiens zone.
11:25 of 1st period - Dustin Boyd is hit by Stephen Weiss.
12:10 of 1st period - Wrist shot by Enver Lisin.
12:10 of 1st period - Shot Blocked by Jakob Silfverberg.
12:18 of 1st period - Snap shot by Patrice Bergeron.
12:18 of 1st period - Stopped by Henrik Lundqvist without a rebound.
12:19 of 1st period - James Neal wins face-off versus Pierre-Marc Bouchard in Canadiens zone.
12:32 of 1st period - Slapshot by Andrew Alberts.
12:32 of 1st period - Shot Misses the Net.
13:34 of 1st period - Wrist shot by Greg Stewart.
13:34 of 1st period - Shot Misses the Net.
14:50 of 1st period - Wrist shot by Matt Read.
14:50 of 1st period - Stopped by Henrik Lundqvist with a rebound.
15:02 of 1st period - Slapshot by Chris Bourque.
15:02 of 1st period - Deflect By Frans Nielsen.
15:02 of 1st period - Shot Blocked by Scott Hartnell.
15:02 of 1st period - Puck is out of play.
15:03 of 1st period - Stephen Weiss wins face-off versus Frans Nielsen in Canadiens zone.
15:12 of 1st period - Snap shot by Chris Bourque.
15:12 of 1st period - Stopped by Henrik Lundqvist with a rebound.
15:26 of 1st period - Wrist shot by Chris Bourque.
15:26 of 1st period - Shot Misses the Net.
15:28 of 1st period - Snap shot by James Neal.
15:28 of 1st period - Stopped by Henrik Lundqvist with a rebound.
15:30 of 1st period - Wrist shot by Chris Bourque.
15:30 of 1st period - Stopped by Henrik Lundqvist with a rebound.
15:32 of 1st period - Slapshot by Matt Delahey.
15:32 of 1st period - Shot Blocked by Scott Hartnell.
15:34 of 1st period - Wrist shot by Patrik Nemeth.
15:34 of 1st period - Shot Blocked by Raphael Diaz.
15:36 of 1st period - Slapshot by Stephen Weiss.
15:36 of 1st period - Stopped by Henrik Lundqvist with a rebound.
15:38 of 1st period - Slapshot by Matt Delahey.
15:38 of 1st period - Stopped by Henrik Lundqvist with a rebound.
15:40 of 1st period - Wrist shot by Stephen Weiss.
15:40 of 1st period - Shot Blocked by Mark Stuart.
15:42 of 1st period - Slapshot by Patrik Nemeth.
15:42 of 1st period - Stopped by Henrik Lundqvist without a rebound.
15:43 of 1st period - Patrice Bergeron wins face-off versus Pierre-Marc Bouchard in Canadiens zone.
15:46 of 1st period - Wrist shot by Alex Tanguay.
15:46 of 1st period - Shot Misses the Net.
15:48 of 1st period - Wrist shot by Alex Tanguay.
15:48 of 1st period - Stopped by Henrik Lundqvist without a rebound.
15:49 of 1st period - Pierre-Marc Bouchard wins face-off versus Patrice Bergeron in Canadiens zone.
15:49 of 1st period - Pierre-Marc Bouchard is hit by Cam Barker.
16:24 of 1st period - Slapshot by Chris Bourque.
16:24 of 1st period - Stopped by Henrik Lundqvist without a rebound.
16:25 of 1st period - Frans Nielsen wins face-off versus Patrice Bergeron in Canadiens zone.
16:25 of 1st period - Frans Nielsen is hit by Alex Tanguay.
16:32 of 1st period - Icing by Raphael Diaz.
16:33 of 1st period - Frans Nielsen wins face-off versus Patrice Bergeron in Canadiens zone.
16:46 of 1st period - Wrist shot by Jakob Silfverberg.
16:46 of 1st period - Stopped by Henrik Lundqvist without a rebound.
16:47 of 1st period - Patrice Bergeron wins face-off versus Frans Nielsen in Canadiens zone.
16:48 of 1st period - Snap shot by Jakob Silfverberg.
16:48 of 1st period - Goal by Jakob Silfverberg - Rangers : 1 - Canadiens : 0.
16:49 of 1st period - Jakob Silfverberg wins face-off versus Frans Nielsen in neutral zone.
16:51 of 1st period - Off-side.
16:52 of 1st period - Patrice Bergeron wins face-off versus Frans Nielsen in neutral zone.
17:03 of 1st period - Wrist shot by Jakob Silfverberg.
17:03 of 1st period - Shot Blocked by Scott Hartnell.
17:05 of 1st period - Wrist shot by Jakob Silfverberg.
17:05 of 1st period - Stopped by Henrik Lundqvist without a rebound.
17:06 of 1st period - Jakob Silfverberg wins face-off versus Frans Nielsen in Canadiens zone.
17:09 of 1st period - Backhand shot by Patrice Bergeron.
17:09 of 1st period - Shot Misses the Net.
17:11 of 1st period - Slapshot by Jakob Silfverberg.
17:11 of 1st period - Deflect By Patrice Bergeron.
17:11 of 1st period - Shot Misses the Net.
17:11 of 1st period - Puck is out of play.
17:12 of 1st period - Scott Hartnell wins face-off versus Patrice Bergeron in Canadiens zone.
17:36 of 1st period - Slapshot by Patrice Bergeron.
17:36 of 1st period - Shot Misses the Net.
17:38 of 1st period - Snap shot by Jakob Silfverberg.
17:38 of 1st period - Shot Misses the Net.
17:40 of 1st period - Snap shot by Patrice Bergeron.
17:40 of 1st period - Goal by Patrice Bergeron - Rangers : 2 - Canadiens : 0.
17:41 of 1st period - Pierre-Marc Bouchard wins face-off versus Patrice Bergeron in neutral zone.
17:43 of 1st period - Minor Penalty to Pierre-Marc Bouchard for Interference.
17:44 of 1st period - Patrice Bergeron wins face-off versus Tomas Plekanec in Canadiens zone.
19:07 of 1st period - Cam Barker is hit by Tomas Plekanec and loses puck.
19:43 of 1st period - Penalty to Pierre-Marc Bouchard is over, Pierre-Marc Bouchard is back on ice.
19:45 of 1st period - Slapshot by Frans Nielsen.
19:45 of 1st period - Shot Misses the Net.
19:59 of 1st period - Wrist shot by Greg Stewart.
19:59 of 1st period - Stopped by Frederik Andersen without a rebound.
Goals for this period are 2 for Rangers vs 0 for Canadiens.
Shots for this period are 15 for Rangers vs 6 for Canadiens.

2nd period


0:01 of 2nd period - Pierre-Marc Bouchard wins face-off versus Patrice Bergeron in neutral zone.
0:12 of 2nd period - Wrist shot by Jakob Silfverberg.
0:12 of 2nd period - Shot Misses the Net.
0:14 of 2nd period - Snap shot by Alex Tanguay.
0:14 of 2nd period - Deflect By Jakob Silfverberg.
0:14 of 2nd period - Shot Blocked by Raphael Diaz.
0:14 of 2nd period - Puck is out of play.
0:15 of 2nd period - Frans Nielsen wins face-off versus Jakob Silfverberg in Canadiens zone.
1:05 of 2nd period - Slapshot by David Jones.
1:05 of 2nd period - Shot Misses the Net.
1:07 of 2nd period - Wrist shot by David Jones.
1:07 of 2nd period - Shot Misses the Net.
1:09 of 2nd period - Slapshot by Raphael Diaz.
1:09 of 2nd period - Deflect By Matt Read.
1:09 of 2nd period - Stopped by Frederik Andersen with a rebound.
1:11 of 2nd period - Slapshot by Raphael Diaz.
1:11 of 2nd period - Stopped by Frederik Andersen with a rebound.
1:13 of 2nd period - Slapshot by Mark Stuart.
1:13 of 2nd period - Deflect By Dustin Boyd.
1:13 of 2nd period - Stopped by Frederik Andersen with a rebound.
1:20 of 2nd period - Icing by Mark Fistric.
1:21 of 2nd period - Gustav Nyquist wins face-off versus Tomas Plekanec in Rangers zone.
1:29 of 2nd period - Backhand shot by Gustav Nyquist.
1:29 of 2nd period - Stopped by Henrik Lundqvist with a rebound.
2:17 of 2nd period - Wrist shot by James Neal.
2:17 of 2nd period - Stopped by Henrik Lundqvist without a rebound.
2:18 of 2nd period - Patrice Bergeron wins face-off versus Frans Nielsen in Canadiens zone.
2:35 of 2nd period - Slapshot by Jakob Silfverberg.
2:35 of 2nd period - Stopped by Henrik Lundqvist without a rebound.
2:36 of 2nd period - Pierre-Marc Bouchard wins face-off versus Chris Bourque in Canadiens zone.
3:02 of 2nd period - Mark Fistric is hit by Viktor Stalberg and loses puck.
3:33 of 2nd period - Backhand shot by Chris Bourque.
3:33 of 2nd period - Stopped by Henrik Lundqvist with a rebound.
3:35 of 2nd period - Slapshot by Matt Delahey.
3:35 of 2nd period - Shot Blocked by Shaone Morrisonn.
3:37 of 2nd period - Snap shot by Chris Bourque.
3:37 of 2nd period - Shot Blocked by Shaone Morrisonn.
3:39 of 2nd period - Snap shot by James Neal.
3:39 of 2nd period - Shot Blocked by Shaone Morrisonn.
3:41 of 2nd period - Wrist shot by James Neal.
3:41 of 2nd period - Stopped by Henrik Lundqvist with a rebound.
3:43 of 2nd period - Slapshot by Matt Delahey.
3:43 of 2nd period - Shot Blocked by Shaone Morrisonn.
3:45 of 2nd period - Snap shot by Matt Delahey.
3:45 of 2nd period - Stopped by Henrik Lundqvist with a rebound.
3:47 of 2nd period - Wrist shot by Chris Bourque.
3:47 of 2nd period - Stopped by Henrik Lundqvist with a rebound.
3:53 of 2nd period - Wrist shot by Chris Bourque.
3:53 of 2nd period - Stopped by Henrik Lundqvist with a rebound.
4:14 of 2nd period - Minor Penalty to Dustin Boyd for High sticking.
4:15 of 2nd period - Patrice Bergeron wins face-off versus Tomas Plekanec in Canadiens zone.
4:29 of 2nd period - Slapshot by Alex Tanguay.
4:29 of 2nd period - Shot Blocked by Colton Parayko.
4:31 of 2nd period - Snap shot by Cam Barker.
4:31 of 2nd period - Stopped by Henrik Lundqvist with a rebound.
4:46 of 2nd period - Icing by Jakob Silfverberg.
4:47 of 2nd period - Tomas Plekanec wins face-off versus Alex Tanguay in Rangers zone.
5:37 of 2nd period - Icing by Cam Barker.
5:38 of 2nd period - Tomas Plekanec wins face-off versus Maxime Sauvé in Rangers zone.
6:14 of 2nd period - Penalty to Dustin Boyd is over, Dustin Boyd is back on ice.
6:58 of 2nd period - Gustav Nyquist is hit by David Jones and loses puck.
7:31 of 2nd period - Wrist shot by Matt Read.
7:31 of 2nd period - Deflect By Magnus Paajarvi-Svensson.
7:31 of 2nd period - Shot Blocked by Dustin Boyd.
7:31 of 2nd period - Puck is out of play.
7:32 of 2nd period - Sean Couturier wins face-off versus Frans Nielsen in Canadiens zone.
7:47 of 2nd period - Snap shot by Steve Downie.
7:47 of 2nd period - Shot Misses the Net.
8:28 of 2nd period - Wrist shot by Chris Bourque.
8:28 of 2nd period - Stopped by Henrik Lundqvist without a rebound.
8:29 of 2nd period - Stephen Weiss wins face-off versus Tomas Plekanec in Canadiens zone.
8:36 of 2nd period - Wrist shot by James Neal.
8:36 of 2nd period - Shot Hit the Post.
8:44 of 2nd period - Slapshot by Raphael Diaz.
8:44 of 2nd period - Stopped by Frederik Andersen with a rebound.
8:46 of 2nd period - Wrist shot by Mark Stuart.
8:46 of 2nd period - Stopped by Frederik Andersen with a rebound.
8:48 of 2nd period - Slapshot by Raphael Diaz.
8:48 of 2nd period - Shot Blocked by Alexei Emelin.
8:50 of 2nd period - Snap shot by Tomas Plekanec.
8:50 of 2nd period - Shot Hit the Post.
9:00 of 2nd period - Snap shot by Tomas Plekanec.
9:00 of 2nd period - Stopped by Frederik Andersen with a rebound.
9:06 of 2nd period - Wrist shot by Enver Lisin.
9:06 of 2nd period - Shot Blocked by Alexei Emelin.
9:08 of 2nd period - Minor Penalty to Alexei Emelin for Holding.
9:09 of 2nd period - Frans Nielsen wins face-off versus Patrice Bergeron in Rangers zone.
9:20 of 2nd period - Snap shot by Steve Downie.
9:20 of 2nd period - Shot Blocked by Mark Fistric.
10:07 of 2nd period - Mark Stuart is hit by Alex Tanguay and loses puck.
10:48 of 2nd period - Raphael Diaz is hit by Jakob Silfverberg and loses puck.
11:08 of 2nd period - Penalty to Alexei Emelin is over, Alexei Emelin is back on ice.
11:17 of 2nd period - Slapshot by Alexei Emelin.
11:17 of 2nd period - Deflect By Chris Bourque.
11:17 of 2nd period - Stopped by Henrik Lundqvist without a rebound.
11:18 of 2nd period - Stephen Weiss wins face-off versus Tomas Plekanec in Canadiens zone.
11:19 of 2nd period - Snap shot by James Neal.
11:19 of 2nd period - Stopped by Henrik Lundqvist with a rebound.
11:29 of 2nd period - Snap shot by Brett Maclean.
11:29 of 2nd period - Stopped by Frederik Andersen with a rebound.
11:31 of 2nd period - Slapshot by Brett Maclean.
11:31 of 2nd period - Stopped by Frederik Andersen without a rebound.
11:32 of 2nd period - Pierre-Marc Bouchard wins face-off versus Patrice Bergeron in Rangers zone.
12:21 of 2nd period - Snap shot by Sean Couturier.
12:21 of 2nd period - Stopped by Henrik Lundqvist without a rebound.
12:22 of 2nd period - Pierre-Marc Bouchard wins face-off versus Matt Read in Canadiens zone.
12:29 of 2nd period - Slapshot by Andrew Alberts.
12:29 of 2nd period - Shot Blocked by Mark Fistric.
12:31 of 2nd period - Snap shot by Evgeny Dadonov.
12:31 of 2nd period - Shot Misses the Net.
12:33 of 2nd period - Slapshot by Evgeny Dadonov.
12:33 of 2nd period - Shot Blocked by Mark Fistric.
12:35 of 2nd period - Slapshot by Andrew Alberts.
12:35 of 2nd period - Stopped by Frederik Andersen with a rebound.
13:15 of 2nd period - Snap shot by Viktor Stalberg.
13:15 of 2nd period - Stopped by Frederik Andersen without a rebound.
13:16 of 2nd period - Frans Nielsen wins face-off versus Patrice Bergeron in Rangers zone.
13:25 of 2nd period - Snap shot by Scott Hartnell.
13:25 of 2nd period - Shot Misses the Net.
13:27 of 2nd period - Minor Penalty to Alex Tanguay for Roughing.
13:28 of 2nd period - Patrice Bergeron wins face-off versus Frans Nielsen in Rangers zone.
13:34 of 2nd period - Icing by Steve Downie.
13:35 of 2nd period - Patrice Bergeron wins face-off versus Frans Nielsen in Canadiens zone.
14:06 of 2nd period - Snap shot by Raphael Diaz.
14:06 of 2nd period - Shot Blocked by Cam Barker.
15:02 of 2nd period - Icing by Raphael Diaz.
15:03 of 2nd period - Frans Nielsen wins face-off versus Chris Bourque in Canadiens zone.
15:27 of 2nd period - Penalty to Alex Tanguay is over, Alex Tanguay is back on ice.
15:36 of 2nd period - Wrist shot by Jakob Silfverberg.
15:36 of 2nd period - Stopped by Henrik Lundqvist with a rebound.
16:46 of 2nd period - Slapshot by David Jones.
16:46 of 2nd period - Stopped by Frederik Andersen with a rebound.
16:48 of 2nd period - Slapshot by Viktor Stalberg.
16:48 of 2nd period - Shot Blocked by Matt Delahey.
16:50 of 2nd period - Snap shot by David Jones.
16:50 of 2nd period - Deflect By Stephen Weiss.
16:50 of 2nd period - Stopped by Frederik Andersen without a rebound.
16:51 of 2nd period - Pierre-Marc Bouchard wins face-off versus Stephen Weiss in Rangers zone.
16:58 of 2nd period - Wrist shot by Greg Stewart.
16:58 of 2nd period - Stopped by Frederik Andersen without a rebound.
16:59 of 2nd period - Pierre-Marc Bouchard wins face-off versus Jakob Silfverberg in Rangers zone.
17:39 of 2nd period - Wrist shot by Jakob Silfverberg.
17:39 of 2nd period - Stopped by Henrik Lundqvist without a rebound.
17:40 of 2nd period - Stephen Weiss wins face-off versus Frans Nielsen in Canadiens zone.
18:02 of 2nd period - Icing by Andrew Alberts.
18:03 of 2nd period - Sean Couturier wins face-off versus Frans Nielsen in Canadiens zone.
18:23 of 2nd period - Snap shot by Frans Nielsen.
18:23 of 2nd period - Shot Misses the Net.
18:55 of 2nd period - Snap shot by James Neal.
18:55 of 2nd period - Stopped by Henrik Lundqvist with a rebound.
18:57 of 2nd period - Snap shot by Chris Bourque.
18:57 of 2nd period - Goal by Chris Bourque - Rangers : 3 - Canadiens : 0.
18:58 of 2nd period - Patrice Bergeron wins face-off versus Pierre-Marc Bouchard in neutral zone.
19:37 of 2nd period - Snap shot by Dustin Boyd.
19:37 of 2nd period - Shot Misses the Net.
19:39 of 2nd period - Slapshot by Dustin Boyd.
19:39 of 2nd period - Shot Misses the Net.
19:51 of 2nd period - Snap shot by Frans Nielsen.
19:51 of 2nd period - Shot Misses the Net.
Goals for this period are 1 for Rangers vs 0 for Canadiens.
Shots for this period are 17 for Rangers vs 13 for Canadiens.

3rd period


0:01 of 3rd period - Frans Nielsen wins face-off versus Patrice Bergeron in neutral zone.
0:34 of 3rd period - Snap shot by Stephen Weiss.
0:34 of 3rd period - Stopped by Henrik Lundqvist with a rebound.
0:54 of 3rd period - Snap shot by Dustin Boyd.
0:54 of 3rd period - Shot Blocked by Magnus Paajarvi-Svensson.
1:08 of 3rd period - Snap shot by Enver Lisin.
1:08 of 3rd period - Goal by Enver Lisin - Rangers : 3 - Canadiens : 1.
1:09 of 3rd period - Patrice Bergeron wins face-off versus Frans Nielsen in neutral zone.
1:31 of 3rd period - Jakob Silfverberg is hit by Steve Downie and loses puck.
1:57 of 3rd period - Minor Penalty to Evgeny Dadonov for Hooking.
1:58 of 3rd period - Tomas Plekanec wins face-off versus Patrice Bergeron in Canadiens zone.
3:57 of 3rd period - Penalty to Evgeny Dadonov is over, Evgeny Dadonov is back on ice.
3:59 of 3rd period - Icing by Frans Nielsen.
4:00 of 3rd period - Stephen Weiss wins face-off versus Pierre-Marc Bouchard in Canadiens zone.
4:23 of 3rd period - Slapshot by Magnus Paajarvi-Svensson.
4:23 of 3rd period - Shot Blocked by Mark Stuart.
4:25 of 3rd period - Minor Penalty to Frans Nielsen for Boarding.
4:26 of 3rd period - Patrice Bergeron wins face-off versus Tomas Plekanec in Canadiens zone.
4:27 of 3rd period - Wrist shot by Jakob Silfverberg.
4:27 of 3rd period - Shot Misses the Net.
4:29 of 3rd period - Slapshot by Cam Barker.
4:29 of 3rd period - Shot Blocked by Tomas Plekanec.
4:31 of 3rd period - Slapshot by Jakob Silfverberg.
4:31 of 3rd period - Goal by Jakob Silfverberg - Rangers : 4 - Canadiens : 1.
4:32 of 3rd period - Frans Nielsen wins face-off versus Patrice Bergeron in neutral zone.
5:06 of 3rd period - Cam Barker is hit by Evgeny Dadonov and loses puck.
5:44 of 3rd period - Icing by Colton Parayko.
5:45 of 3rd period - Tomas Plekanec wins face-off versus Alex Tanguay in Canadiens zone.
6:31 of 3rd period - Wrist shot by Pierre-Marc Bouchard.
6:31 of 3rd period - Stopped by Frederik Andersen without a rebound.
6:32 of 3rd period - Sean Couturier wins face-off versus Pierre-Marc Bouchard in Rangers zone.
6:59 of 3rd period - Wrist shot by James Neal.
6:59 of 3rd period - Shot Misses the Net.
7:05 of 3rd period - Backhand shot by Raphael Diaz.
7:05 of 3rd period - Stopped by Frederik Andersen without a rebound.
7:06 of 3rd period - Patrice Bergeron wins face-off versus Frans Nielsen in Rangers zone.
7:22 of 3rd period - Minor Penalty to Frans Nielsen for Roughing.
7:23 of 3rd period - Patrice Bergeron wins face-off versus Tomas Plekanec in Canadiens zone.
7:56 of 3rd period - Wrist shot by Chris Bourque.
7:56 of 3rd period - Stopped by Henrik Lundqvist with a rebound.
7:58 of 3rd period - Snap shot by Alexei Emelin.
7:58 of 3rd period - Stopped by Henrik Lundqvist with a rebound.
9:22 of 3rd period - Penalty to Frans Nielsen is over, Frans Nielsen is back on ice.
9:25 of 3rd period - Snap shot by Frans Nielsen.
9:25 of 3rd period - Shot Misses the Net.
9:33 of 3rd period - Dustin Boyd is hit by Ryan Suter and loses puck.
9:52 of 3rd period - Slapshot by Sean Couturier.
9:52 of 3rd period - Stopped by Henrik Lundqvist with a rebound.
10:27 of 3rd period - Artem Anisimov is hit by Colton Parayko and loses puck.
11:43 of 3rd period - Alex Tanguay is hit by Vitaly Vishnevsky and loses puck.
12:02 of 3rd period - Slapshot by Evgeny Dadonov.
12:02 of 3rd period - Stopped by Frederik Andersen with a rebound.
12:39 of 3rd period - Icing by Tomas Plekanec.
12:40 of 3rd period - Tomas Plekanec wins face-off versus Stephen Weiss in Canadiens zone.
13:17 of 3rd period - Off-side.
13:18 of 3rd period - Pierre-Marc Bouchard wins face-off versus Sean Couturier in neutral zone.
13:31 of 3rd period - Snap shot by Sean Couturier.
13:31 of 3rd period - Stopped by Henrik Lundqvist without a rebound.
13:32 of 3rd period - Frans Nielsen wins face-off versus Patrice Bergeron in Canadiens zone.
13:39 of 3rd period - Slapshot by Andrew Alberts.
13:39 of 3rd period - Stopped by Frederik Andersen with a rebound.
13:45 of 3rd period - Snap shot by Jakob Silfverberg.
13:45 of 3rd period - Stopped by Henrik Lundqvist with a rebound.
13:47 of 3rd period - Slapshot by Cam Barker.
13:47 of 3rd period - Stopped by Henrik Lundqvist without a rebound.
13:48 of 3rd period - Pierre-Marc Bouchard wins face-off versus Patrice Bergeron in Canadiens zone.
14:48 of 3rd period - Wrist shot by Viktor Stalberg.
14:48 of 3rd period - Deflect By Dustin Boyd.
14:48 of 3rd period - Shot Blocked by Alexei Emelin.
14:48 of 3rd period - Puck is out of play.
14:49 of 3rd period - Patrice Bergeron wins face-off versus Pierre-Marc Bouchard in Rangers zone.
14:54 of 3rd period - Snap shot by Patrice Bergeron.
14:54 of 3rd period - Deflect By Alex Tanguay.
14:54 of 3rd period - Stopped by Henrik Lundqvist with a rebound.
14:56 of 3rd period - Snap shot by Alex Tanguay.
14:56 of 3rd period - Shot Blocked by Greg Stewart.
14:58 of 3rd period - Snap shot by Jakob Silfverberg.
14:58 of 3rd period - Stopped by Henrik Lundqvist without a rebound.
14:59 of 3rd period - Patrice Bergeron wins face-off versus Pierre-Marc Bouchard in Canadiens zone.
16:00 of 3rd period - Slapshot by Greg Stewart.
16:00 of 3rd period - Stopped by Frederik Andersen without a rebound.
16:01 of 3rd period - Stephen Weiss wins face-off versus Frans Nielsen in Rangers zone.
16:27 of 3rd period - Cam Barker is hit by Tomas Plekanec and loses puck.
17:04 of 3rd period - Wrist shot by Viktor Stalberg.
17:04 of 3rd period - Shot Misses the Net.
17:19 of 3rd period - Slapshot by Patrik Nemeth.
17:19 of 3rd period - Deflect By Frans Nielsen.
17:19 of 3rd period - Stopped by Henrik Lundqvist without a rebound.
17:20 of 3rd period - Steve Downie wins face-off versus Patrice Bergeron in Canadiens zone.
17:26 of 3rd period - Minor Penalty to Raphael Diaz for Holding.
17:27 of 3rd period - Alex Tanguay wins face-off versus Tomas Plekanec in Canadiens zone.
19:26 of 3rd period - Penalty to Raphael Diaz is over, Raphael Diaz is back on ice.
Goals for this period are 1 for Rangers vs 1 for Canadiens.
Shots for this period are 11 for Rangers vs 6 for Canadiens.